Cogmind - Beta 15 @@@ ROGUE MODE // 2025.05.25 @ 18:09:36 Player: puppuppit Result: Destroyed by S-27 Virus with Autogun Performance ------------- Evolutions (4) 2000 Regions Visited (5) 1000 Robots Destroyed (74) 370 Value Destroyed (1852) 1852 Prototype IDs (1) 20 Alien Tech Used (0) 0 Bonus (886) 886 TOTAL SCORE: 6128 Bonus ------- Follower Combat Kills 86 Registered with UFD 300 Met Optimus in HQ 500 Cogmind --------- Core Integrity 0/850 Matter 237/300 Energy 100/100 System Corruption 1% Temperature Cool (0) Movement Core (50) Location -6/Factory Parts ------- > --- POWER (1) -------- (None) > --- PROPULSION (5) --- (None) > --- UTILITY (6) ------ Makeshift Hacking Suite > --- WEAPON (3) ------- (None) > --- INVENTORY (5) ---- High-capacity Matter Pod (200) Improved Heavy Machine Gun Improved Heavy Machine Gun Mini Assault Cannon DRS Beacon (Ready) Peak State ------------ > --- POWER ------------ Light Nuclear Core > --- PROPULSION ------- Flight Unit VTOL Module Nuclear Pulse Thruster Nuclear Pulse Thruster Nuclear Pulse Thruster > --- UTILITY ---------- Large Storage Unit Advanced Weight Redist. System Makeshift Hacking Suite Makeshift Hacking Suite Makeshift Hacking Suite Makeshift Hacking Suite > --- WEAPON ----------- Improved Heavy Machine Gun Improved Heavy Machine Gun Improved Heavy Machine Gun > --- INVENTORY -------- Gravmag Array Scrap Suit High-capacity Matter Pod Improved Heavy Machine Gun Light Cannon Light Cannon Light Cannon Advanced Assault Cannon Mini Assault Cannon Missile Launcher DRS Beacon [Rating: 63] Favorites ----------- Power Light Ion Engine Engine Light Ion Engine Power Core Light Nuclear Core Propulsion Wheel Treads Light Treads Wheel Wheel Hover Unit Gravmag Array Flight Unit Nuclear Pulse Thruster Utility Large Storage Unit Device Improved Terrain Scanner Storage Large Storage Unit Hackware Makeshift Hacking Suite Protection Backup Plating I Weapon Light Cannon Energy Gun Subdweller Laser Ballistic Gun Improved Heavy Machine Gun Ballistic Cannon Light Cannon Launcher Rocket Launcher Build | -11 -10 -10 -8 -8 -6 ------- Run | Yrd Mat Sub Rec Scr Fac Slots Evolved 8 | . . . . . 8 Power . | . . . . . . Propulsion 3 | . . . . . 3 Utility 4 | . . . . . 4 Weapon 1 | . . . . . 1 Parts Attached 49 | 8 10 6 . 6 19 Power 2 | 1 . . . . 1 Engine 1 | 1 . . . . . Core 1 | . . . . . 1 Reactor . | . . . . . . Propulsion 18 | 3 3 2 . 3 7 Treads 3 | . 2 1 . . . Leg . | . . . . . . Wheel 9 | 3 1 1 . 1 3 Hover 1 | . . . . . 1 Flight 5 | . . . . 2 3 Utility 13 | 2 3 1 . 2 5 Device 4 | 1 1 . . . 2 Storage 4 | 1 2 . . 1 . Processor . | . . . . . . Hackware 4 | . . . . 1 3 Protection 1 | . . 1 . . . Artifact . | . . . . . . Weapon 16 | 2 4 3 . 1 6 Energy Gun 2 | 1 . 1 . . . Energy Cannon . | . . . . . . Ballistic Gun 5 | 1 . . . . 4 Ballistic Cannon 6 | . 2 2 . 1 1 Launcher 3 | . 2 . . . 1 Special Weapon . | . . . . . . Impact Weapon . | . . . . . . Slashing Weapon . | . . . . . . Piercing Weapon . | . . . . . . Special Melee Weapon . | . . . . . . Unidentified Prototypes 1 | . . . . . 1 Parts Lost 25 | . 1 8 . . 16 Power 2 | . 1 . . . 1 Propulsion 9 | . . 2 . . 7 Utility 6 | . . 2 . . 4 Weapon 8 | . . 4 . . 4 Highest Loss Streak 10 | . 1 4 . . 10 To Critical Strikes 1 | . . 1 . . . Average Backups 11 | 1 9 13 11 13 8 Power . | . . . . . . Propulsion 2 | 1 2 2 3 2 . Utility 2 | . 1 2 1 3 1 Weapon 6 | . 4 8 7 7 6 Tool/Special . | . . . . . . Unused Backups 15 | . 3 1 . 6 5 Power . | . . . . . . Propulsion 3 | . 1 1 . 1 . Utility 5 | . 1 . . 3 1 Weapon 6 | . . . . 2 4 Tool/Special 1 | . 1 . . . . Average Slot Usage (%) 81 | . 99 80 85 81 55 Engine 2 | . 13 . . . . Treads 10 | . 14 19 . . . Wheel 12 | . 13 4 28 24 1 Flight 2 | . . . . 3 14 Device 10 | . 14 10 14 12 1 Storage 12 | . 14 14 14 14 4 Hackware 2 | . . . . 1 18 Energy Gun 4 | . 6 3 14 3 . Ballistic Gun 1 | . 4 . . . 5 Ballistic Cannon 18 | . 15 23 14 21 3 Peak Build Rating 63 | 9 11 11 11 22 63 Average Rating 13 | 6 9 8 11 13 38 On Entrance 9 | . 9 7 11 11 19 Naked Turns . | . . . . . . Heaviest Build 50 | 12 50 28 28 30 37 Greatest Support 51 | 26 40 40 30 30 51 Greatest Overweight (x) 2 | . 2 1 . 2 2 Average Overweight (x) . | . . . . . . Largest Inventory Capacity 20 | 8 20 15 15 15 15 Average Capacity 13 | 7 11 15 15 15 12 Most Carried 15 | 5 15 15 11 15 15 Average Carried 12 | 2 9 13 11 13 10 Final Capacity 15 | 8 15 15 15 15 5 Final Carried 15 | 5 15 11 11 15 5 Class Distribution -------------------- 77% | Mutant 11% | Scavenger-Mutant 8% | Hacker-Mutant Dominant Class ---------------- Mutant | -10/Materials Mutant | -10/Subcaves Scavenger-Mutant | -8/Recycling Mutant | -8/Scraptown Hacker-Mutant | -6/Factory Resources | -11 -10 -10 -8 -8 -6 ----------- Run | Yrd Mat Sub Rec Scr Fac Matter Collected 2470 | 300 418 472 60 290 930 Remotely . | . . . . . . Salvage Created 2480 | 208 606 204 60 . 1402 Parts 128 | 17 49 12 2 . 48 Haulers Intercepted 3 | . 2 . . . 1 Recyclers Shooed 8 | . 2 . . . 6 Parts Field Recycled . | . . . . . . Retrieved Matter . | . . . . . . Parts Self-Destructed 9 | . . 9 . . . Prevented . | . . . . . . Kills | -11 -10 -10 -8 -8 -6 ------- Run | Yrd Mat Sub Rec Scr Fac Combat Hostiles Destroyed 46 | . 21 12 . . 13 Guns 14 | . 5 . . . 9 Cannons 20 | . 11 7 . . 2 AOE 12 | . 5 5 . . 2 Classes Destroyed 12 | 3 5 3 . . 1 Worker 6 | 2 2 . . . 2 Builder 6 | . 1 . . . 5 Tunneler 3 | 3 . . . . . Hauler 3 | . 2 . . . 1 Recycler 7 | 1 1 . . . 5 Operator 1 | . 1 . . . . Turret 2 | . . 2 . . . Swarmer 13 | . 9 4 . . . Grunt 19 | . 12 . . . 7 Sentry 3 | . . 1 . . 2 Hunter 4 | . . . . . 4 Subdweller 7 | . . 7 . . . Best Kill Streak 17 | 5 6 4 . . 17 Combat Bots Only 5 | . 5 4 . . 4 Max Kills in Single Turn 4 | 1 2 4 . . 3 Gunslinging 1 | . . . . . 1 Exploded 4 | . 2 4 . . 1 Melee . | . . . . . . Uniques/NPCs Destroyed . | . . . . . . Combat | -11 -10 -10 -8 -8 -6 -------- Run | Yrd Mat Sub Rec Scr Fac Hostile Shots Fired 359 | . 55 78 . . 226 Missed 105 | . 17 23 . . 65 Hits 254 | . 38 55 . . 161 Projectile 254 | . 38 55 . . 161 Critical Strikes 8 | . 2 4 . . 2 Damage Taken 4052 | . 419 1051 . . 2582 Core 1089 | . 100 134 . . 855 Absorbed by Shields . | . . . . . . Regen/Repaired (Parts) 68 | . 68 . . . . Core Remaining (%) 53 | 100 . . . 6 . Volleys Fired 190 | 20 55 56 1 . 58 Largest 3 | 2 2 2 1 . 3 Hottest 90 | 60 73 90 60 . 70 Shots Fired 373 | 40 106 80 1 . 146 Gun 198 | 40 39 1 1 . 117 Cannon 146 | . 61 61 . . 24 Launcher 29 | . 6 18 . . 5 Special . | . . . . . . Kinetic 301 | 20 79 61 . . 141 Thermal 2 | . . 1 1 . . Explosive 29 | . 6 18 . . 5 Electromagnetic 41 | 20 21 . . . . Robot Hit Streak 18 | 6 13 13 4 . 18 Robot Miss Streak 3 | 2 3 3 . . 2 Penetration Max . | . . . . . . Secondary Targets 4 | . 1 . . . 3 Max Gunslinging Chain 1 | . 1 . . . 1 Shots Hit Robots 235 | 25 61 45 1 . 103 Core Hits 135 | 9 34 27 1 . 64 Critical Kills 1 | . . . . . 1 Critical Parts Destroyed . | . . . . . . Critical Strikes 4 | . 2 1 . . 1 Destroy 1 | . . . . . 1 Blast 3 | . 2 1 . . . Melee Attacks . | . . . . . . Impact . | . . . . . . Slashing . | . . . . . . Piercing . | . . . . . . Sneak Attacks . | . . . . . . Combat Hostiles . | . . . . . . Follow-up Attacks . | . . . . . . Damage Inflicted 6652 | 321 1481 1598 20 . 3232 Guns 2388 | 274 270 18 20 . 1806 Cannons 1748 | . 642 745 . . 361 Explosions 2494 | 47 569 835 . . 1043 Melee . | . . . . . . Ramming 22 | . . . . . 22 Kinetic 3795 | 128 755 745 . . 2167 Thermal 139 | 47 54 18 20 . . Explosive 2393 | . 515 835 . . 1043 Electromagnetic 303 | 146 157 . . . . Impact . | . . . . . . Slashing . | . . . . . . Piercing . | . . . . . . Highest Corruption 1 | . . . . . 1 Average Corruption 1 | . . . . . 1 Corruption Purged . | . . . . . . Corruption Blocked . | . . . . . . Effects 1 | . . . . . 1 Heat Flow Errors 1 | . . . . . 1 Overload Shots . | . . . . . . Overflow Damage 53 | . 11 22 . . 20 Projectiles . | . . . . . . Explosions 53 | . 11 22 . . 20 Melee . | . . . . . . Knockbacks 19 | . 8 7 . . 4 Impact . | . . . . . . Kinetic 18 | . 7 7 . . 4 Secondary 1 | . 1 . . . . Self-Inflicted Damage 130 | . 22 83 . . 25 Shots 4 | . 1 2 . . 1 Rammed 3 | . . . . . 3 Targets Rammed 3 | . . . . . 3 Kicked . | . . . . . . Crushed . | . . . . . . Highest Temperature 82 | 40 82 . 10 . 80 Average Temperature 28 | 20 34 . 7 . 19 Received Heat Transfer 885 | . 207 189 . . 489 Siege Activations . | . . . . . . Martial Activations . | . . . . . . Shielding Activations . | . . . . . . Robots Disrupted . | . . . . . . Combat Hostiles . | . . . . . . Robots Corrupted . | . . . . . . Combat Hostiles . | . . . . . . Parts Fried . | . . . . . . Impact Corruptions . | . . . . . . Robots Melted . | . . . . . . Combat Hostiles . | . . . . . . Parts Melted 1 | . . . . . 1 Heat Transferred 200 | 50 100 25 25 . . Parts Sabotaged . | . . . . . . Parts Stolen . | . . . . . . Parts Stripped . | . . . . . . Power Chain Reactions 2 | 1 1 . . . . Alert | -11 -10 -10 -8 -8 -6 ------- Run | Yrd Mat Sub Rec Scr Fac Maximum Alert Level 1 | . 1 . . . . Low Security (%) 75 | 100 52 . 100 . 100 Level 1 24 | . 47 . . . . Level 2 . | . . . . . . Level 3 . | . . . . . . Level 4 . | . . . . . . Level 5 . | . . . . . . High Security . | . . . . . . Max Security . | . . . . . . Peak Influence 395 | 10 395 . 58 . 186 Initial 43 | . 6 . 43 . . Average 122 | 3 186 . 34 . 67 Influence Increases 2010 | 30 726 530 65 . 659 Destroy 0b10 Robot/C 860 | . 420 140 . . 300 Destroy 0b10 Robot/NC 135 | 30 35 . 5 . 65 Destroy Leader 136 | . 84 . . . 52 Allied During Kill 9 | . . . . . 9 Successful Hack 40 | . 18 . . . 22 Select Force Hacks 120 | . 60 . 60 . . Disable Machine 60 | . 60 . . . . Destroy Structure 65 | . 49 . . . 16 Partial Spotted 30 | . . . . . 30 Lose Combat Pursuer 555 | . . 390 . . 165 Influence Decreases 1824 | 20 371 805 117 38 473 Entered New Map 265 | . 4 176 47 38 . Time Decay 1208 | 20 357 549 70 . 212 Lost Part 250 | . 10 80 . . 160 Lost Ally 101 | . . . . . 101 Squads Dispatched 9 | . 5 . . . 4 Investigation 7 | . 5 . . . 2 Extermination . | . . . . . . Reinforcement 2 | . . . . . 2 Assault . | . . . . . . Garrison . | . . . . . . Intercept . | . . . . . . Searches Triggered . | . . . . . . Construction Impeded 1 | . . . . . 1 Haulers Reinforced 1 | . . . . . 1 Active Scanning Responses . | . . . . . . Cargo Convoy Interrupts . | . . . . . . Stealth | -11 -10 -10 -8 -8 -6 --------- Run | Yrd Mat Sub Rec Scr Fac Distress Signals 5 | . 3 . . . 2 Communications Jammed . | . . . . . . Distress Signals . | . . . . . . Times Spotted 81 | . 28 22 . . 31 Peak Tracking Total 7 | . 5 6 . . 7 Tactical Retreats 11 | . . 5 . . 6 Traps | -11 -10 -10 -8 -8 -6 ------- Run | Yrd Mat Sub Rec Scr Fac Traps Triggered . | . . . . . . Indirectly . | . . . . . . Trap Hack Attempts . | . . . . . . Triggered . | . . . . . . Disarmed 1 | . . . . . 1 Reprogrammed 1 | . . . . . 1 Reused . | . . . . . . Traps Extracted . | . . . . . . Installed . | . . . . . . Triggered . | . . . . . . Machines | -11 -10 -10 -8 -8 -6 ---------- Run | Yrd Mat Sub Rec Scr Fac Machines Disabled 7 | . 4 3 . . . Max in Single Turn 2 | . 1 2 . . . Garrison Access 1 | . . . . . 1 Machines Repaired . | . . . . . . Machines Dismantled . | . . . . . . Machines Sabotaged . | . . . . . . Overloaded Fab Kills . | . . . . . . Hacking | -11 -10 -10 -8 -8 -6 --------- Run | Yrd Mat Sub Rec Scr Fac Machines Accessed 27 | . 9 1 3 9 5 Terminals 9 | . 6 . 1 . 2 Fabricators . | . . . . . . Repair Stations 1 | . 1 . . . . Recycling Units 6 | . 2 . 2 . 2 Scanalyzers . | . . . . . . Garrison Access 1 | . . . . . 1 Total Hacks 106 | . 33 5 4 53 11 Successful 85 | . 13 5 3 53 11 Failed 20 | . 19 . 1 . . Catastrophic 1 | . 1 . . . . Database Lockouts 1 | . 1 . . . . Manual 35 | . 24 . 4 . 7 Terminals 34 | . 24 . 2 . 8 Fabricators . | . . . . . . Repair Stations 4 | . 4 . . . . Recycling Units 9 | . 5 . 2 . 2 Scanalyzers . | . . . . . . Garrison Access 1 | . . . . . 1 Terminal Hacks 66 | . 2 5 . 53 6 Record 52 | . . 5 . 47 . Part Schematic 1 | . . . . . 1 Robot Analysis 9 | . 2 . . 6 1 Branch Access Points 1 | . . . . . 1 Recycling Unit Index 1 | . . . . . 1 Disarm Traps 1 | . . . . . 1 Reprogram Traps 1 | . . . . . 1 Fabricator Hacks . | . . . . . . Repair Station Hacks 2 | . 2 . . . . Scan Component 1 | . 1 . . . . Repair 1 | . 1 . . . . Recycling Unit Hacks 3 | . 3 . . . . Process 1 | . 1 . . . . Report Inventory 1 | . 1 . . . . Retrieve Matter 1 | . 1 . . . . Scanalyzer . | . . . . . . Garrison Access Hacks 1 | . . . . . 1 Seal Access 1 | . . . . . 1 Unauthorized Hacks 13 | . 6 . 3 . 4 Terminals 7 | . 4 . 1 . 2 Botnet 7 | . 4 . 1 . 2 Fabricators . | . . . . . . Repair Stations . | . . . . . . Recycling Units 6 | . 2 . 2 . 2 Tunnel 4 | . 2 . 2 . . Fedlink 1 | . . . . . 1 Scrapoids 1 | . . . . . 1 Scanalyzers . | . . . . . . Garrison Access . | . . . . . . Data Cores Recovered 1 | . 1 . . . . Used . | . . . . . . Hacking Detections 10 | . 7 . 1 . 2 Full Trace Events 5 | . 5 . . . . Feedback Events . | . . . . . . Feedback Blocked . | . . . . . . Robot Schematics Acquired . | . . . . . . Robots Built . | . . . . . . Authchips . | . . . . . . Time . | . . . . . . Total Robot Build Rating . | . . . . . . Part Schematics Acquired 1 | . . . . . 1 Parts Built . | . . . . . . Authchips . | . . . . . . Time . | . . . . . . Total Part Build Rating . | . . . . . . Parts Repaired 1 | . 1 . . . . Time 26 | . 26 . . . . Parts Recycled . | . . . . . . Recycled Matter 165 | . 165 . . . . Retrieved Matter 212 | . 212 . . . . Retrieved Components . | . . . . . . Parts Scanalyzed . | . . . . . . Part Schematics Acquired . | . . . . . . Parts Damaged . | . . . . . . Bothacking | -11 -10 -10 -8 -8 -6 ------------ Run | Yrd Mat Sub Rec Scr Fac Used RIF Installer . | . . . . . . Robots Hacked . | . . . . . . Non-combat . | . . . . . . Combat . | . . . . . . Robot Hacks Applied . | . . . . . . Relay Couplers Released . | . . . . . . Fabnet Peak Effective % . | . . . . . . Robots Rewired 1 | . . . . . 1 Allies Hacked . | . . . . . . Hacks Repelled . | . . . . . . Allies | -11 -10 -10 -8 -8 -6 -------- Run | Yrd Mat Sub Rec Scr Fac Total Allies 6 | . . . . . 6 Largest Group 5 | . . . . . 5 Highest-Rated Group 140 | . . . . . 140 Highest-Rated Ally 28 | . . . . . 28 Total Orders . | . . . . . . Ally Attacks 31 | . . . . . 31 Total Damage 417 | . . . . . 417 Kills 2 | . . . . . 2 Allies Corrupted . | . . . . . . Allies Melted . | . . . . . . Intel | -11 -10 -10 -8 -8 -6 ------- Run | Yrd Mat Sub Rec Scr Fac Active Infowar (turns) 3518 | 39 913 1286 143 1137 . Terrain 2709 | 39 786 604 143 1137 . Structural 809 | . 127 682 . . . Robot Analysis Total 9 | . 2 . . 6 1 Derelict Logs Recovered 4 | . . 2 . 2 . Drone Launches . | . . . . . . Drone Recoveries . | . . . . . . Exploration | -11 -10 -10 -8 -8 -6 ------------- Run | Yrd Mat Sub Rec Scr Fac Turns Passed 4765 | 119 913 1742 143 1272 576 Spaces Moved 3594 | 55 563 992 149 1280 555 Core 253 | 6 . . . . 247 Treads 913 | . 229 684 . . . Legs . | . . . . . . Wheels 2016 | 49 334 308 149 1167 9 Hover 125 | . . . . . 125 Flight 287 | . . . . 113 174 Fastest Speed 27 | 50 80 95 95 95 27 Average Speed 110 | 82 120 155 95 97 57 Slowest Speed 260 | 90 160 260 95 117 150 Overloaded Moves . | . . . . . . Propulsion Burnouts . | . . . . . . Robots Hopped 2 | . . . . . 2 Potential Cave-ins . | . . . . . . Cave-ins Triggered . | . . . . . . Exploration Rate (%) 44 | 5 78 51 28 86 16 Regions Visited 5 Branch Regions 3 Pre-discovered Areas 6 | . 2 1 2 1 . Known Exits Taken . | . . . . . . Unknown Exits Taken 5 | 1 1 1 1 1 . Scrap Searched 5 | . . . . 5 . Spaces Dug . | . . . . . . Terrain Destroyed 159 | 5 54 86 . . 14 Melee . | . . . . . . Projectile 1 | . . 1 . . . AOE 158 | 5 54 85 . . 14 Terrain Rammed . | . . . . . . Walls Destroyed . | . . . . . . Machines Disabled . | . . . . . . Actions | -11 -10 -10 -8 -8 -6 --------- Run | Yrd Mat Sub Rec Scr Fac Total 4068 | 88 692 1107 149 1315 717 Wait 115 | . 32 32 . . 51 Move 3586 | 54 562 991 148 1279 552 Hop 1 | . . . . . 1 Pick Up 43 | 5 16 4 . 13 5 Fast Attach 21 | 7 2 2 . 2 8 Attach 23 | . . 6 . . 17 Detach 13 | . 2 . . 2 9 Swap 36 | 1 15 13 . 5 2 Drop 35 | 1 8 3 . 14 9 Fire 190 | 20 55 56 1 . 58 Melee . | . . . . . . Ram 3 | . . . . . 3 Kick . | . . . . . . Crush . | . . . . . . Escape Stasis . | . . . . . . Rewire 2 | . . . . . 2 Trap . | . . . . . . Miscellaneous . | . . . . . . Route ------- -11/Scrapyard -10/Materials (discovered 4 exits: [*Mat x2] / [*Min] / *Sub) -10/Subcaves (discovered 3 exits: Mat x2 / *Rec) -8/Recycling -8/Scraptown (discovered 2 exits: *Fac x2) -6/Factory (discovered 2 exits: Low x2) History --------- Turn | Location | Event 11 | -11/Scrapyard | Discovered new exit (range 15) 120 | -11/Scrapyard | Entered Materials 250 | -10/Materials | Discovered new exit (range 8) 308 | -10/Materials | Build established: Mutant 441 | -10/Materials | Discovered new exit (range 15) 744 | -10/Materials | Central database locked down 976 | -10/Materials | Discovered new exit (range 9) 1009 | -10/Materials | Repaired Lgt. Treads 1021 | -10/Materials | Discovered new exit (range 13) 1033 | -10/Materials | Entered Subcaves 1035 | -10/Subcaves | Learned location of Storage (-8) 1043 | -10/Subcaves | Learned location of 2 exits from Materials 1347 | -10/Subcaves | Shifting Twisted Machinery released Battle Cannon 1540 | -10/Subcaves | Discovered new exit (range 15) 1707 | -10/Subcaves | Core integrity fell below 50% 1819 | -10/Subcaves | Ambushed by Subdwellers from Twisted Machinery 2301 | -10/Subcaves | Lost 4 parts (1n1u2w) 2385 | -10/Subcaves | Core integrity fell below 20% 2585 | -10/Subcaves | Visited Clippyterm 2592 | -10/Subcaves | Identified exit to Materials 2592 | -10/Subcaves | Learned Factory fabricator intel 2775 | -10/Subcaves | Entered Recycling 2896 | -8/Recycling | Scanned before Scraplab entrance 2910 | -8/Recycling | Entered Scraplab 2917 | -8/Recycling | Discovered new exit (range 2) 2918 | -8/Recycling | Entered Scraptown 2961 | -8/Scraptown | Heard Great Nut preacher, LISTEN AND RECITE! 2972 | -8/Scraptown | Build established: Scavenger-Mutant 2993 | -8/Scraptown | Scanned Subdweller tech in exchange for log data 2995 | -8/Scraptown | Learned Factory garrison access intel 2996 | -8/Scraptown | Learned location of Armory (-3) 3290 | -8/Scraptown | Visited TADAMA 3312 | -8/Scraptown | Visited UFD Registry 3312 | -8/Scraptown | Registered with UFD as "Bulletnade" 3319 | -8/Scraptown | Visited Artisan Demo Area 3362 | -8/Scraptown | Visited Assassins FH 3501 | -8/Scraptown | Guru changed UFD alias to "Thunderglider" 3518 | -8/Scraptown | Discovered new exit (range 11) 3524 | -8/Scraptown | Build established: Mutant 3551 | -8/Scraptown | Visited Cyclists 3558 | -8/Scraptown | Entered Cyclist Reading Room 3589 | -8/Scraptown | Visited CR-KLE's Repair Center 3637 | -8/Scraptown | Visited Scrap Suit Storage 3697 | -8/Scraptown | Visited Abandonware Association 3708 | -8/Scraptown | Learned abandonware demo "HACKBUD.EXE" 3731 | -8/Scraptown | Visited Derelict Rescue Squad 3736 | -8/Scraptown | Found DRS Beacon 3756 | -8/Scraptown | Visited Research Penetration Think Tank 3775 | -8/Scraptown | Visited Supply Room 3792 | -8/Scraptown | Visited Analyses Database 3890 | -8/Scraptown | Visited Observation Area 3912 | -8/Scraptown | Visited DA-N13 Charitable Foundation 3920 | -8/Scraptown | Found DCF Scrap (29 items) 3949 | -8/Scraptown | Found Scrap Suit 4012 | -8/Scraptown | Visited Curators Association 4118 | -8/Scraptown | Met Optimus 4118 | -8/Scraptown | Accepted into 0bPrime 4186 | -8/Scraptown | Discovered new exit (range 5) 4187 | -8/Scraptown | Civil war broke out across Scraptown 4190 | -8/Scraptown | Entered Factory 4190 | -6/Factory | Evolved 8 slots: Propulsion x3, Utility x4, Weapon x1 4191 | -6/Factory | Loaded intel: 6 fabricator locations 4192 | -6/Factory | Loaded intel: 4 garrison access locations 4271 | -6/Factory | Identified exit to Lower Caves 4442 | -6/Factory | Loaded intel: 8 recycling unit locations 4550 | -6/Factory | Lost 5 parts (3n2u) 4620 | -6/Factory | Core integrity fell below 50% 4658 | -6/Factory | Lost 10 parts (1p4n1u4w) 4663 | -6/Factory | Core integrity fell below 20% 4709 | -6/Factory | Scrapoids reinforcements arrived? 4763 | -6/Factory | Lost 5 allies 4766 | -6/Factory | Destroyed by S-27 Virus with Autogun Last Messages --------------- 04721_ H-66 Slayer heat short circuits Flexi-carbon Leg. 04721_ Slug penetrates 06F04-D. 04721_ 06F03-D destroyed. 04721_ H-66 Slayer destroyed. 04722_ 06F02-D destroyed. 04723_ 06F05-D destroyed. 04723_ Slug penetrates Wall. 04723_ Destroyed Targeting Computer. 04724_ H-66 Slayer heat spikes uncontrollably. 04727_ Penetrated by Slug. 04727_ Mak. Hacking Suite destroyed. 04727_ Hvy. Assault Rifle melted. 04727_ H-66 Slayer destroyed. 04729_ G-50 Soldier suffers critical hit (Burn). 04729_ G-50 Soldier destroyed. 04730_ Chain reaction triggered in Imp. Ion Engine. 04732_ 06F04-D destroyed. 04759_ K-01 Serf cleans the Fusion Modulator. 04765_ Slammed into S-27 Virus. Map ----- +----------------------------------------------------+ | ???????????????????????????????# % #??? | | ??????????????????????????################# ###? | | ??????????????????????????# ######## % #? | | ??????????????????????????# # #? | | ???????????????????????"""# # | | ????????????????????????Y"# + | | ???????????????????????"""# # | | ??????????????????????????# # [ ## | | ??????????????????????????# ### ## #? | | ??????????????????????????# #?#+#+#####+####? | | ??????????????????????????# #???????????????? | | ??????????????????????????# #???????????????? | | ??????????????????????????# #???????????????? | | ??????????????????????????# #???????????????? | | ??????????????????????????# #???????????????? | | ??????????????????????????# #???????????????? | | ??????????????????????##??#####+##???????????????? | | ????????????????????? """? ?# #????????????????? | | ???????????????????? ""S"" ## #????????????????? | | ???????????????????? "" "" ## #????????????????? | | ???????????????????# ## #????????????????? | | ???????????????????# """ """ ## ##???????????????? | | ???????????????????# """ """ # +???????????????? | | ?????????????????????""" """ # #???????????????? | | ??????????????????????? s ?# #???????????????? | | ??????????????????????###@#### #???????????????? | | ??????????????????????# s ## ##### ?????? | | ???????????????######## ????? | | ???????????????# + " ##### ?????? | | ???????????????# # #?????????#+????? | | ???????????????#"""" # ###+##???????????????? | | ???????????????#"""" ?## ##????????????????????? | | ????????????????"""" ??# #?????????????????????? | | ????????????????""""???# #?????????????????????? | | ????????????????""""???# #?????????????????????? | | ????????????????"""???## ####+###### ??????????? | | ??????????????????"???# ????????? | | ??????????????????????# ????????? | | ????????""Y""?????????# ????????? | | ????????"""""?????????# """ """ """ """?????????? | | ??????????????????????# """ """ """?????????????? | | ?? ??????############## """ """ """?????????????? | | ?? ###### % ?????????? | | ?? """ """ """?????????????? | | ?? """ """ ""??????????????? | | ??? """"""" """ """ """ ""??????????? | | ??? """"""" ????????? | | ??? """"""" ^ ????????? | | ???# """"""" ####+######+#####???????????? | | ???# ### #??????????????? | +----------------------------------------------------+ Best States ------------- Heat Dissipation 37 Energy Generation 14 Energy Capacity 160 Matter Stores 300 Matter Capacity 300 Sight Range 16 Terrain Scan Range 16 Terrain Scan Density 10 Additional Mass Support 9 Armor Coverage 80 Evasion (%) 64 Recoil Reduction 2 Offensive Hacking 44 Authchip Count 1 Item Schematics ----------------- Adv. Coolant Injector | -6/Factory | Hacked Robot Schematics ------------------ None Fabricated ------------ Nothing Repaired ---------- Lgt. Treads | 51% | -10/Materials Alien Tech Used ----------------- None Achievements -------------- None Challenges ------------ None Game ------ Seed DeepAuthchipAnalyzer Manual? 0 Play Time 00:51:16 Cumulative 236.4 hours Start 2025.05.25 @ 17:17:40 End 2025.05.25 @ 18:09:36 Sessions 1 Manual Loads 0 Difficulty Rogue Special Mode None Game No. 141 Rogue 141 Adventurer 0 Explorer 0 Win Type - Total 3 Types 1/0/1/1/0/0/0/0/0/0 Lore% 77 Gallery% 64 Achievement% 63 Wizard Run 0 Options --------- Layout 2 ASCII 0 Keyboard 1 Movement Vi Keybinds 0 Fullscreen 1 Font 16/SmallcapsGlow Map View 55x47 Zoom Use 0% Tactical HUD 1 Map Filters NONE Filters NONE Steam 0 RUN: c776c0fd-b251-4743-ab37-0776dd841b50